 Dungeon Crawl Stone Soup version 0.31-a0-188-g5e087ee2ca (webtiles) character file.

Game seed: 9760607788314071174

94 qw the Shooter (level 4, -4/25 HPs)
             Began as a Deep Elf Hunter on June 23, 2023.
             Slain by a gnoll bouda
             ... wielding a +0 whip
              (5 damage)
             ... on level 4 of the Dungeon.
             The game lasted 00:00:43 (2414 turns).

qw the Shooter (Deep Elf Hunter)                    Turns: 2414, Time: 00:00:44

Health: -4/25      AC: 10    Str: 10    XL:     4   Next: 38%
Magic:  6/6        EV: 11    Int: 14    God:
Gold:   65         SH:  0    Dex: 18    Spells: 3/3 levels left

rFire   + . .        Y - +0 shortbow
rCold   . . .        (shield currently unavailable)
rNeg    . . .        j - +0 ring mail
rPois   .            (no helmet)
rElec   .            (no cloak)
rCorr   .            (no gloves)
SInv    .            f - +0 pair of boots
Will    .....        (no amulet)
Stlth   +            a - +4 ring of protection
HPRegen 0.24/turn    i - ring of protection from fire
MPRegen 0.10/turn

%: no passive effects
@: about to teleport
A: no striking features
a: no special abilities


You were on level 4 of the Dungeon.
You visited 1 branch of the dungeon, and saw 4 of its levels.

You collected 179 gold pieces.
You spent 114 gold pieces at shops.


   Skills:
 - Level 1.5 Fighting
 + Level 7.8 Ranged Weapons
 - Level 2.4 Dodging
 - Level 1.2 Stealth


You had 3 spell levels left.
You didn't know any spells.
Your spell library was empty.

Inventory:

Hand Weapons
 Y - a +0 shortbow (weapon)
Armour
 f - a +0 pair of boots (worn)
 j - a +0 ring mail (worn)
Jewellery
 a - a +4 ring of protection (left hand)
 i - a ring of protection from fire (right hand)
Scrolls
 g - a scroll of teleportation
 l - a scroll of identify
Potions
 b - a potion of curing
 c - a potion of resistance
 d - 3 potions of heal wounds
 e - a potion of cancellation
 h - a potion of enlightenment
 k - a potion of lignification {unknown}

Dungeon Overview and Level Annotations

Branches:
Dungeon (4/15)
 Temple: D:4-7

Altars:
Uskayaw

Shops:
D:1 [[   D:3 (!(=[   D:4 *

Annotations:
D:3 2 runed translucent doors, qw's ghost, amateur DEHu


Message History

The gnoll is severely wounded.
A gnoll bouda comes into view. It is wielding a +0 whip.
You shoot an arrow. The gnoll bouda shouts!
The arrow hits the gnoll.
You kill the gnoll!
You hear a shout!
A gnoll comes into view. It is wielding a +0 flail.
A kobold comes into view. It is wielding a +0 short sword.
An adder comes into view.
You shoot an arrow. The arrow hits the gnoll!
The gnoll is heavily wounded.
The gnoll barely misses you.
A kobold comes into view. It is wielding a +0 dagger.
The kobold moves out of view.
You shoot an arrow.
The arrow barely misses the gnoll bouda.
The arrow hits the gnoll.
The gnoll is almost dead.
You shoot an arrow.
The arrow closely misses the gnoll bouda.
The adder closely misses you. The gnoll hits you but does no damage.
The gnoll bouda hits you with a +0 whip.
The adder closely misses you.
You shoot an arrow.
The arrow barely misses the gnoll bouda.
The adder barely misses you.
The gnoll hits you from afar with a +0 spear.
The gnoll bouda closely misses you.
You shoot an arrow. The arrow hits the gnoll bouda.
The gnoll bouda is moderately wounded.
The adder bites you but does no damage. The gnoll closely misses you.
The gnoll bouda hits you with a +0 whip!
The adder closely misses you.
2414 ||| READING 2 scrolls of teleportation.
As you read the scroll of teleportation, it crumbles to dust.
You feel strangely unstable.
The gnoll hits you from afar with a +0 spear.
The gnoll bouda hits you with a +0 whip.
You die...

#.....######....##
#....## #####
#....# ######
#....## #....
......#######..#
...###....##...#
..# #####%.#..# ..
##..##.## ..
##.###@## .
##.#...#.gS#
......\...#ggK.#
#####...####Kg##
##.### .## ...#..
.. ..####.. .# ###
..! .# ...


You could see a gnoll bouda, 3 gnolls, an adder and 2 kobolds.

Vanquished Creatures
  A gnoll (D:4)
  3 adders
  2 dart slugs
  3 orcs (D:3)
  4 bats
  6 endoplasms
  3 giant cockroaches
  5 goblins
  5 hobgoblins
  6 ball pythons
  6 frilled lizards
  5 kobolds
  2 rats (D:2)
51 creatures vanquished.

Notes
Turn   | Place    | Note
-------+----------+-------------------------------------------
     0 | D:1      | qw the Deep Elf Hunter began the quest for the Orb.
     0 | D:1      | Reached XP level 1. HP: 12/12 MP: 3/3
     0 | D:1      | 0 ||| qw: Version: 0.3-a-9-g12657ce
     0 | D:1      | 0 ||| qw: Game counter: 3131
     0 | D:1      | 0 ||| qw: Always use a shield: true
     0 | D:1      | 0 ||| qw: God list: Okawaru
     0 | D:1      | 0 ||| qw: Allow faded altars: false
     0 | D:1      | 0 ||| qw: Do Orc after D:15 true
     0 | D:1      | 0 ||| qw: Do second Lair branch before Depths: true
     0 | D:1      | 0 ||| qw: Lair rune preference: random
     0 | D:1      | 0 ||| qw: Plans: Normal
     0 | D:1      | 0 ||| PLANNING D:1-11
   366 | D:1      | Found Ittec's Armour Shoppe.
   371 | D:1      | 371 ||| BUYING +0 ring mail (44 gold).
   371 | D:1      | Bought a +0 ring mail for 44 gold pieces
   371 | D:1      | 371 ||| SHOPLISTING scarf of resistance (352 gold, have 5).
   389 | D:1      | Reached XP level 2. HP: 16/16 MP: 4/4
   407 | D:1      | Reached skill level 6 in Ranged Weapons
   453 | D:1      | Found Vinkitte's Antique Armour Shop.
   457 | D:1      | 457 ||| SHOPLISTING glowing cloak (150 gold, have 12).
   457 | D:1      | 457 ||| SHOPLISTING glowing scarf (160 gold, have 12).
   846 | D:1      | 846 ||| UPGRADING to +0 pair of boots.
   851 | D:1      | 851 ||| UPGRADING to +0 ring mail.
   861 | D:1      | 861 ||| DROPPING +0 leather armour.
   862 | D:1      | 862 ||| READING scroll labelled ZIMMAO ZEIST.
   863 | D:1      | 863 ||| READING scroll labelled UTROLA XIREHOO.
   868 | D:1      | 868 ||| READING 2 scrolls labelled QEOSSE VYUBBA.
   900 | D:1      | 900 ||| READING 3 scrolls labelled LEUSUILIUPO.
   901 | D:1      | 901 ||| READING 2 scrolls of identify.
   901 | D:1      | 901 ||| IDENTIFYING inky potion
   902 | D:1      | 902 ||| DROPPING scroll of butterflies.
   903 | D:1      | 903 ||| DROPPING scroll of torment.
  1006 | D:2      | Reached XP level 3. HP: 20/20 MP: 5/5
  1371 | D:2      | Reached skill level 7 in Ranged Weapons
  1541 | D:2      | 1541 ||| UPGRADING to +4 ring of protection.
  1542 | D:2      | 1542 ||| DRINKING 3 amethyst potions.
  1543 | D:2      | 1543 ||| READING 2 scrolls of identify.
  1543 | D:2      | 1543 ||| IDENTIFYING clear potion
  1544 | D:2      | 1544 ||| DROPPING 2 potions of brilliance.
  1606 | D:3      | Found Guuqu Yhaak's Distillery.
  1615 | D:3      | 1615 ||| SHOPLISTING potion of cancellation (112 gold, have
                  | 76).
  1615 | D:3      | 1615 ||| BUYING potion of heal wounds (70 gold).
  1615 | D:3      | Bought a potion of heal wounds for 70 gold pieces
  1615 | D:3      | 1615 ||| SHOPLISTING potion of mutation (112 gold, have 6).
  1661 | D:3      | HP: 5/20 [kobold/+0 dagger of distortion (6)]
  1662 | D:3      | 1662 ||| READING 3 scrolls of teleportation.
  1666 | D:3      | Found Taojighu's Antique Weapon Shoppe.
  1767 | D:3      | Reached XP level 4. HP: 25/25 MP: 6/6
  1773 | D:3      | Found Wahywkuh's Antique Weapon Boutique.
  1815 | D:3      | Found a hide-covered altar of Uskayaw.
  1838 | D:3      | Found Esazege's Jewellery Shop.
  1840 | D:3      | 1840 ||| SHOPLISTING +4 ring of slaying (1092 gold, have
                  | 54).
  1840 | D:3      | 1840 ||| SHOPLISTING +5 ring of evasion (504 gold, have
                  | 54).
  1840 | D:3      | 1840 ||| SHOPLISTING amulet of the acrobat (420 gold, have
                  | 54).
  1840 | D:3      | 1840 ||| SHOPLISTING ring of protection from fire (350
                  | gold, have 54).
  1994 | D:3      | Found Jeledet's Antique Armour Emporium.
  2129 | D:3      | Found a large runed translucent door.
  2129 | D:3      | Found a large runed translucent door.
  2131 | D:3      | Noticed qw's ghost (amateur DEHu)
  2205 | D:3      | 2205 ||| SHOPLISTING glowing scarf (168 gold, have 65).
  2295 | D:3      | 2295 ||| READING scroll labelled HEUDDAGOQA.
  2296 | D:3      | 2296 ||| READING scroll labelled SEMUMA UFFAF.
  2297 | D:3      | 2297 ||| READING 3 scrolls of identify.
  2297 | D:3      | 2297 ||| IDENTIFYING coppery potion
  2298 | D:3      | 2298 ||| READING 2 scrolls of identify.
  2298 | D:3      | 2298 ||| IDENTIFYING smoky white potion
  2399 | D:4      | 2399 ||| UPGRADING to ring of protection from fire.
  2400 | D:4      | Found Degoliy's Gadget Gallery.
  2413 | D:4      | HP: 6/25 [gnoll bouda/+0 whip (8)]
  2414 | D:4      | 2414 ||| READING 2 scrolls of teleportation.
  2414 | D:4      | HP: 1/25 [gnoll/+0 spear[a gnoll bouda] (6)]
  2414 | D:4      | Slain by a gnoll bouda

Levels and vault maps discovered:
D:1:      psy_arrival_spokes, layout_basic, serial_shops,
          nicolae_shop_back_alley_shop, shop
D:2:      layout_basic, minmay_hedge_maze, reono_crystal_passage
D:3:      layout_basic, nicolae_overflow_crystal_walls,
          ebering_ghost_disaster_area, serial_shops,
          nicolae_shop_advertising_works [nicolae_subvault_shop_adworks],
          nicolae_shop_gaudy_bauble, shop, nicolae_shop_peninsula,
          nicolae_shop_tiny_glass
D:4:      minmay_angry_zag, layout_layer_cave, nicolae_shop_gadgets,
          uniq_eustachio

Skill      XL: |  1  2  3 |
---------------+----------+-----
Ranged Weapons | 6 7 |  7.8
Fighting       | |  1.5
Dodging        | |  2.4
Stealth        | |  1.2

Action                     |  1- 3 |  4- 6 || total
---------------------------+-------+-------++-------
   Fire: Shortbow          |    84 |    35 ||   119
    Use: Scroll            |     7 |     5 ||    12
         Potion            |     1 |       ||     1
 Armour: Leather armour    |     2 |       ||     2
         Ring mail         |    11 |     3 ||    14
  Dodge: Dodged            |    20 |    11 ||    31

Table legend:
 A = Non-vault XP
 B = Vault XP
 C = Vault XP percentage of total XP
 D = Non-vault monster count
 E = Vault monster count
 F = Vault count percentage of total count
                 A         B        C        D         E       F
            +---------+---------+-------+---------+---------+-------
      Total |     135 |       0 |   0.0 |      51 |       0 |   0.0
            +---------+---------+-------+---------+---------+-------
        D:1 |      20 |       0 |   0.0 |      13 |       0 |   0.0
        D:2 |      58 |       0 |   0.0 |      21 |       0 |   0.0
        D:3 |      32 |       0 |   0.0 |      11 |       0 |   0.0
        D:4 |      25 |       0 |   0.0 |       6 |       0 |   0.0
            +---------+---------+-------+---------+---------+-------
